TOP OF THE 1ST |
Los Angeles Dodgers batting - Pitching for San Diego Padres : RHP Adam Thompson
|
Pitching: RHP Adam Thompson
|
|
Batting: RHB Clay Buchanan
|
0-0: Called Strike 0-1: Ball 1-1: Ground out 6-3 (Groundball, 6, EV 98.1 MPH)
|
Batting: SHB Joel Baker
|
0-0: Swinging Strike 0-1: Swinging Strike 0-2: Ball 1-2: Fly out, F2 (Popup, 25F, EV 85.6 MPH)
|
Batting: LHB Lirak Bazhunaishvili
|
0-0: Swinging Strike 0-1: Foul Ball, location: 2F 0-2: Ball 1-2: Fly out, F9 (Flyball, 89S, EV 86.2 MPH)
|
Top of the 1st over - 0 runs, 0 hits, 0 errors, 0 left on base; Los Angeles 0 - San Diego 0 |
BOTTOM OF THE 1ST |
San Diego Padres batting - Pitching for Los Angeles Dodgers : RHP John Bialon
|
Pitching: RHP John Bialon
|
|
Batting: RHB Hildo Pot
|
0-0: Ball 1-0: Ball 2-0: Ball 3-0: Called Strike 3-1: Ground out 4-3 (Groundball, 34, EV 107.5 MPH)
|
Batting: SHB Phil Zacharia
|
0-0: Foul Ball, location: 2F 0-1: Ball 1-1: Ball 2-1: Fly out, F9 (Line Drive, 89D, EV 90.6 MPH)
|
Batting: RHB C.J. Beavers
|
0-0: SINGLE (Groundball, 56D, EV 89.4 MPH) (infield hit)
|
Batting: SHB Terry Tuckfard
|
0-0: Ball 1-0: Ball 2-0: Fielders Choice at 2nd, U6 (Groundball, 6M, EV 80.0 MPH)
|
Bottom of the 1st over - 0 runs, 1 hit, 0 errors, 1 left on base; Los Angeles 0 - San Diego 0 |
TOP OF THE 2ND |
Los Angeles Dodgers batting - Pitching for San Diego Padres : RHP Adam Thompson
|
Batting: LHB Chris Buchan
|
0-0: Foul Ball, location: 2F 0-1: Called Strike 0-2: Ball 1-2: Ball 2-2: Ball 3-2: Strikes out swinging, 2-3 out at first.
|
Batting: SHB Shane Marcum
|
0-0: Swinging Strike 0-1: Swinging Strike 0-2: Ball 1-2: Strikes out swinging
|
Batting: RHB Danny Dyer
|
0-0: Ball 1-0: Swinging Strike 1-1: Ground out 5-3 (Groundball, 56, EV 98.1 MPH)
|
Top of the 2nd over - 0 runs, 0 hits, 0 errors, 0 left on base; Los Angeles 0 - San Diego 0 |
BOTTOM OF THE 2ND |
San Diego Padres batting - Pitching for Los Angeles Dodgers : RHP John Bialon
|
Batting: LHB James McCauley
|
0-0: Ball 1-0: Ball 2-0: Foul Ball, location: 2F 2-1: Fly out, F7 (Flyball, 7, EV 87.5 MPH)
|
Batting: RHB Kaeo Zirpoli
|
0-0: Ball 1-0: Ball 2-0: Called Strike 2-1: SOLO HOME RUN (Flyball, 9D, EV 95.6 MPH), Distance : 370 ft
|
Batting: RHB Luis Torres
|
0-0: DOUBLE (Line Drive, 89D, EV 103.8 MPH)
|
Batting: LHB Mike Holt
|
0-0: Ball 1-0: Ball 2-0: Fly out, F5 (Popup, 6S, EV 72.5 MPH)
|
Batting: RHB Hugo Bautista
|
0-0: Ball 1-0: Ball 2-0: Ball 3-0: Base on Balls
|
Batting: RHB Hildo Pot
|
0-0: Called Strike 0-1: Swinging Strike 0-2: Strikes out swinging
|
Bottom of the 2nd over - 1 run, 2 hits, 0 errors, 2 left on base; Los Angeles 0 - San Diego 1 |
TOP OF THE 3RD |
Los Angeles Dodgers batting - Pitching for San Diego Padres : RHP Adam Thompson
|
Batting: RHB Tsutomu Irie
|
0-0: Foul Ball, location: 2F 0-1: Foul Ball, location: 2F 0-2: Strikes out swinging
|
Batting: RHB Wing-kit Bu
|
0-0: Swinging Strike 0-1: Foul Ball, location: 2F 0-2: Ball 1-2: Ball 2-2: Strikes out swinging
|
Batting: RHB Rodolfo Rivera
|
0-0: Called Strike 0-1: Ball 1-1: Foul Ball, location: 2F 1-2: Ground out 6-3 (Groundball, 6M, EV 80.6 MPH)
|
Top of the 3rd over - 0 runs, 0 hits, 0 errors, 0 left on base; Los Angeles 0 - San Diego 1 |
BOTTOM OF THE 3RD |
San Diego Padres batting - Pitching for Los Angeles Dodgers : RHP John Bialon
|
Batting: SHB Phil Zacharia
|
0-0: Ball 1-0: Called Strike 1-1: Ball 2-1: Foul Ball, location: 2F 2-2: Ball 3-2: Foul Ball, location: 2F 3-2: Foul Ball, location: 2F 3-2: Base on Balls
|
Batting: RHB C.J. Beavers
|
0-0: Ball 1-0: SINGLE (Line Drive, 9S, EV 96.9 MPH) Phil Zacharia to second Runner from 2nd tries for 3rd, SAFE, throw by RF made to third
|
Batting: SHB Terry Tuckfard
|
0-0: Ball 1-0: Called Strike 1-1: Ball 2-1: Ball 3-1: Called Strike 3-2: Fly out, F7 (Flyball, 78S, EV 80.0 MPH)
|
Batting: LHB James McCauley
|
0-0: Called Strike 0-1: Called Strike 0-2: Ball 1-2: DOUBLE (Line Drive, 89D, EV 106.9 MPH) Phil Zacharia scores C.J. Beavers to third
|
Batting: RHB Kaeo Zirpoli
|
0-0: Fly out, F5 (Popup, 5F, EV 74.4 MPH)
|
Batting: RHB Luis Torres
|
0-0: Hit by Pitch
|
Batting: LHB Mike Holt
|
0-0: Ball 1-0: Called Strike 1-1: Swinging Strike 1-2: Ground out 6-3 (Groundball, 56, EV 104.4 MPH)
|
Bottom of the 3rd over - 1 run, 2 hits, 0 errors, 3 left on base; Los Angeles 0 - San Diego 2 |
TOP OF THE 4TH |
Los Angeles Dodgers batting - Pitching for San Diego Padres : RHP Adam Thompson
|
Batting: RHB Clay Buchanan
|
0-0: Called Strike 0-1: Ball 1-1: Fly out, F7 (Flyball, 7D, EV 101.2 MPH)
|
Batting: SHB Joel Baker
|
0-0: Foul Ball, location: 2F 0-1: Fly out, F9 (Line Drive, 9LM, EV 88.8 MPH)
|
Batting: LHB Lirak Bazhunaishvili
|
0-0: Called Strike 0-1: SINGLE (Groundball, 5D, EV 96.2 MPH)
|
Batting: LHB Chris Buchan
|
0-0: Ground out 2-3 (Groundball, 15S, EV 63.1 MPH)
|
Top of the 4th over - 0 runs, 1 hit, 0 errors, 1 left on base; Los Angeles 0 - San Diego 2 |
BOTTOM OF THE 4TH |
San Diego Padres batting - Pitching for Los Angeles Dodgers : RHP John Bialon
|
Batting: RHB Hugo Bautista
|
0-0: Ball 1-0: Foul Ball, location: 2F 1-1: Ground out 6-3 (Groundball, 6, EV 101.2 MPH)
|
Batting: RHB Hildo Pot
|
0-0: Foul Ball, location: 2F 0-1: Foul Ball, location: 2F 0-2: Ball 1-2: SOLO HOME RUN (Flyball, 78XD, EV 96.2 MPH), Distance : 394 ft
|
Batting: SHB Phil Zacharia
|
0-0: Ground out 4-3 (Groundball, 34, EV 101.9 MPH)
|
Batting: RHB C.J. Beavers
|
0-0: Foul Ball, location: 2F 0-1: Ball 1-1: Called Strike 1-2: Ball 2-2: Ball 3-2: Base on Balls
|
Batting: SHB Terry Tuckfard
|
0-0: Called Strike 0-1: SINGLE (Groundball, 34D, EV 103.1 MPH) C.J. Beavers to second Runner from 2nd tries for 3rd, SAFE, throw by RF made to third Terry Tuckfard to second
|
Batting: LHB James McCauley
|
0-0: Called Strike 0-1: Called Strike 0-2: Ball 1-2: Ball 2-2: Strikes out swinging
|
Bottom of the 4th over - 1 run, 2 hits, 0 errors, 2 left on base; Los Angeles 0 - San Diego 3 |
TOP OF THE 5TH |
Los Angeles Dodgers batting - Pitching for San Diego Padres : RHP Adam Thompson
|
Batting: SHB Shane Marcum
|
0-0: Ball 1-0: Called Strike 1-1: Ball 2-1: Swinging Strike 2-2: Foul Ball, location: 2F 2-2: Ground out 4-3 (Groundball, 4MD, EV 83.8 MPH)
|
Batting: RHB Danny Dyer
|
0-0: Called Strike 0-1: Ball 1-1: Ball 2-1: Called Strike 2-2: Ground out 4-3 (Groundball, 6M, EV 100.0 MPH)
|
Batting: RHB Tsutomu Irie
|
0-0: Ground out U3 (Groundball, 34, EV 85.6 MPH)
|
Top of the 5th over - 0 runs, 0 hits, 0 errors, 0 left on base; Los Angeles 0 - San Diego 3 |
BOTTOM OF THE 5TH |
San Diego Padres batting - Pitching for Los Angeles Dodgers : RHP John Bialon
|
Batting: RHB Kaeo Zirpoli
|
0-0: Ball 1-0: Ball 2-0: SINGLE (Line Drive, 6D, EV 95.0 MPH)
|
Batting: RHB Luis Torres
|
0-0: Foul Ball, location: 2F 0-1: Swinging Strike 0-2: Ball 1-2: Ball 2-2: 2-RUN HOME RUN (Flyball, 78XD, EV 101.2 MPH), Distance : 410 ft
|
Pitching: RHP Adam Bucci
|
|
Batting: LHB Mike Holt
|
0-0: Ball 1-0: Ball 2-0: Foul Ball, location: 2F 2-1: Fly out, F7 (Flyball, 7S, EV 75.0 MPH)
|
Batting: RHB Hugo Bautista
|
0-0: Ball 1-0: Ball 2-0: Ball 3-0: Called Strike 3-1: Foul Ball, location: 2F 3-2: Base on Balls
|
Batting: RHB Hildo Pot
|
0-0: Ball 1-0: Ball 2-0: Swinging Strike 2-1: Fly out, F9 (Flyball, 9D, EV 106.2 MPH) Runner from 1st tags up, SAFE at 2nd
|
Batting: SHB Phil Zacharia
|
0-0: Ball 1-0: SINGLE (Line Drive, 4D, EV 96.9 MPH) Hugo Bautista to third Runner from 3rd tries for Home, SAFE, throw by CF to home
|
Batting: RHB C.J. Beavers
|
0-0: Ball 1-0: Ball 2-0: Foul Ball, location: 2F 2-1: Fly out, F9 (Flyball, 9D, EV 91.9 MPH)
|
Bottom of the 5th over - 3 runs, 3 hits, 0 errors, 1 left on base; Los Angeles 0 - San Diego 6 |
TOP OF THE 6TH |
Los Angeles Dodgers batting - Pitching for San Diego Padres : RHP Adam Thompson
|
Batting: RHB Wing-kit Bu
|
0-0: Ground out 4-3 (Groundball, 4S, EV 87.5 MPH)
|
Batting: RHB Rodolfo Rivera
|
0-0: Foul Ball, location: 2F 0-1: Ball 1-1: Ball 2-1: Foul Ball, location: 2F 2-2: Strikes out looking
|
Batting: RHB Clay Buchanan
|
0-0: Ball 1-0: Called Strike 1-1: Ball 2-1: Foul Ball, location: 2F 2-2: Foul Ball, location: 2F 2-2: Strikes out swinging
|
Top of the 6th over - 0 runs, 0 hits, 0 errors, 0 left on base; Los Angeles 0 - San Diego 6 |
BOTTOM OF THE 6TH |
San Diego Padres batting - Pitching for Los Angeles Dodgers : RHP Adam Bucci
|
Batting: SHB Terry Tuckfard
|
0-0: Foul Ball, location: 2F 0-1: Ball 1-1: Ground out 6-3 (Groundball, 6, EV 106.2 MPH)
|
Batting: LHB James McCauley
|
0-0: Ball 1-0: Called Strike 1-1: Ball 2-1: Swinging Strike 2-2: Ball 3-2: Foul Ball, location: 2F 3-2: Ground out 1-3 (Groundball, 15S, EV 71.2 MPH)
|
Batting: RHB Kaeo Zirpoli
|
0-0: Called Strike 0-1: Ground out 4-3 (Groundball, 4M, EV 79.4 MPH)
|
Bottom of the 6th over - 0 runs, 0 hits, 0 errors, 0 left on base; Los Angeles 0 - San Diego 6 |
TOP OF THE 7TH |
Los Angeles Dodgers batting - Pitching for San Diego Padres : RHP Adam Thompson
|
Batting: SHB Joel Baker
|
0-0: Called Strike 0-1: Foul Ball, location: 2F 0-2: Strikes out looking
|
Batting: LHB Lirak Bazhunaishvili
|
0-0: Foul Ball, location: 2F 0-1: Called Strike 0-2: Ball 1-2: Ball 2-2: Foul Ball, location: 2F 2-2: Foul Ball, location: 2F 2-2: Ball 3-2: Base on Balls
|
Batting: LHB Chris Buchan
|
0-0: Fly out, F8 (Flyball, 8RD, EV 90.6 MPH)
|
Batting: SHB Shane Marcum
|
0-0: Called Strike 0-1: Swinging Strike 0-2: Foul Ball, location: 2F 0-2: Strikes out looking
|
Top of the 7th over - 0 runs, 0 hits, 0 errors, 1 left on base; Los Angeles 0 - San Diego 6 |
BOTTOM OF THE 7TH |
San Diego Padres batting - Pitching for Los Angeles Dodgers : RHP Adam Bucci
|
Pitching: RHP Nate Allen
|
|
Batting: RHB Luis Torres
|
0-0: Ball 1-0: Called Strike 1-1: Swinging Strike 1-2: Fly out, F8 (Flyball, 8LD, EV 95.6 MPH)
|
Batting: LHB Mike Holt
|
0-0: Called Strike 0-1: Ball 1-1: Foul Ball, location: 2F 1-2: Ball 2-2: Ball 3-2: Foul Ball, location: 2F 3-2: Strikes out looking
|
Batting: RHB Hugo Bautista
|
0-0: Ball 1-0: Ball 2-0: Swinging Strike 2-1: Swinging Strike 2-2: Foul Ball, location: 2F 2-2: Strikes out swinging
|
Bottom of the 7th over - 0 runs, 0 hits, 0 errors, 0 left on base; Los Angeles 0 - San Diego 6 |
TOP OF THE 8TH |
Los Angeles Dodgers batting - Pitching for San Diego Padres : RHP Adam Thompson
|
Batting: RHB Danny Dyer
|
0-0: Fly out, F7 (Flyball, 78M, EV 78.1 MPH)
|
Batting: RHB Tsutomu Irie
|
0-0: Foul Ball, location: 2F 0-1: Ball 1-1: Ball 2-1: Swinging Strike 2-2: Ball 3-2: Base on Balls
|
Batting: RHB Wing-kit Bu
|
0-0: 2-RUN HOME RUN (Flyball, 7D, EV 95.6 MPH), Distance : 369 ft
|
Batting: RHB Rodolfo Rivera
|
0-0: Ball 1-0: Ball 2-0: Foul Ball, location: 2F 2-1: SOLO HOME RUN (Flyball, 7LD, EV 95.6 MPH), Distance : 357 ft
|
Batting: RHB Clay Buchanan
|
0-0: Ball 1-0: Foul Ball, location: 2F 1-1: Called Strike 1-2: Foul Ball, location: 2F 1-2: Foul Ball, location: 2F 1-2: Ground out 6-3 (Groundball, 6, EV 105.6 MPH)
|
Batting: SHB Joel Baker
|
0-0: Ball 1-0: Foul Ball, location: 2F 1-1: Ball 2-1: Foul Ball, location: 2F 2-2: Reached on error, E3 (Groundball, 3, EV 91.9 MPH)
|
Pitching: LHP Jim Turan
|
|
Batting: LHB Lirak Bazhunaishvili
|
0-0: Foul Ball, location: 2F 0-1: Ball 1-1: Called Strike 1-2: Ball 2-2: Fly out, F7 (Line Drive, 7, EV 88.8 MPH)
|
Top of the 8th over - 3 runs, 2 hits, 1 error, 1 left on base; Los Angeles 3 - San Diego 6 |
BOTTOM OF THE 8TH |
San Diego Padres batting - Pitching for Los Angeles Dodgers : RHP Nate Allen
|
Pitching: RHP Chris Geraci
|
|
Batting: RHB Hildo Pot
|
0-0: Ball 1-0: Foul Ball, location: 2F 1-1: Ball 2-1: Ball 3-1: Base on Balls
|
Batting: SHB Phil Zacharia
|
0-0: Called Strike 0-1: Ball 1-1: Ball 2-1: Foul Ball, location: 2F 2-2: Foul Ball, location: 2F 2-2: Foul Ball, location: 2F 2-2: Strikes out swinging
|
Batting: RHB C.J. Beavers
|
0-0: Foul Ball, location: 2F 0-1: Foul Ball, location: 2F 0-2: Foul Ball, location: 2F 0-2: Ball 1-2: Foul Ball, location: 2F 1-2: Foul Ball, location: 2F 1-2: Reached on error, E1 (Groundball, 15, EV 69.4 MPH) Hildo Pot to second
|
Batting: SHB Terry Tuckfard
|
0-0: Ball 1-0: Called Strike 1-1: Ball 2-1: Foul Ball, location: 2F 2-2: Foul Ball, location: 2F 2-2: Strikes out swinging
|
Batting: LHB James McCauley
|
0-0: Swinging Strike 0-1: Ball 1-1: Ball 2-1: Ball 3-1: Base on Balls Hildo Pot to third C.J. Beavers to second
|
Batting: RHB Kaeo Zirpoli
|
0-0: Ball 1-0: Foul Ball, location: 2F 1-1: Foul Ball, location: 2F 1-2: Ball 2-2: Foul Ball, location: 2F 2-2: Foul Ball, location: 2F 2-2: Foul Ball, location: 2F 2-2: Ball 3-2: Strikes out swinging
|
Bottom of the 8th over - 0 runs, 0 hits, 1 error, 3 left on base; Los Angeles 3 - San Diego 6 |
TOP OF THE 9TH |
Los Angeles Dodgers batting - Pitching for San Diego Padres : LHP Jim Turan
|
Pitching: RHP Brad Kramer
|
|
Batting: LHB Chris Buchan
|
0-0: Ball 1-0: SINGLE (Flyball, 6D, EV 96.2 MPH)
|
Batting: SHB Shane Marcum
|
0-0: Called Strike 0-1: Ball 1-1: Called Strike 1-2: Foul Ball, location: 2F 1-2: Foul Ball, location: 2F 1-2: Strikes out swinging
|
Batting: LHB Stephen Van Raalte
|
0-0: Ball 1-0: Swinging Strike 1-1: Grounds into double play, 5-6-3 (Groundball, 6, EV 82.5 MPH)
|
Top of the 9th over - 0 runs, 1 hit, 0 errors, 0 left on base; Los Angeles 3 - San Diego 6 |
|